 Seeded DCSS version 0.30-a0-125-g51eefa89be (webtiles) character file.

Game seed: 17246712331252751712 (custom seed)

6 wilfster70 the Trooper (level 1, 20/20 HPs)
             Began as a Minotaur Fighter on Sept 18, 2022.
             Quit the game on level 1 of the Dungeon.
             The game lasted 00:01:17 (140 turns).

wilfster70 the Trooper (Minotaur Fighter)            Turns: 140, Time: 00:01:18

Health: 20/20      AC:  7    Str: 20    XL:     1   Next: 75%
Magic:  0/0        EV:  9    Int:  5    God:
Gold:   0          SH:  4    Dex:  9    Spells: 0/0 levels left

rFire   . . .      SeeInvis .    a - +0 trident
rCold   . . .      Faith    .    c - +0 buckler
rNeg    . . .      Spirit   .    b - +0 scale mail
rPois   .          Reflect  .    (helmet restricted)
rElec   .          Harm     .    (no cloak)
rCorr   .          Rampage  .    (no gloves)
Will    .....                    (no boots)
Stlth   ..........               (no amulet)
HPRegen 0.06/turn                (no ring)
MPRegen 0.07/turn                (no ring)

@: studying Earth Magic
A: horns 2, retaliatory headbutt
a: no special abilities


You were on level 1 of the Dungeon.
You visited 1 branch of the dungeon, and saw 1 of its levels.

Inventory:

Hand Weapons
 a - a +0 trident (weapon)
Armour
 b - a +0 scale mail (worn)
 c - a +0 buckler (worn)
Scrolls
 e - a scroll of acquirement
Potions
 d - a potion of might


   Skills:
 + Level 3.7 Fighting
 * Level 2.7 Polearms
 + Level 3.7 Armour
 + Level 3.7 Shields


You couldn't memorise any spells.
You didn't know any spells.
Your spell library was empty.

Dungeon Overview and Level Annotations

Branches:
Dungeon (1/15)

Altars:


Innate Abilities, Weirdness & Mutations

You have a pair of horns on your head.
You reflexively headbutt those who attack you in melee.


Message History

You puncture the endoplasm!
You kill the endoplasm!
No target in view!
You start resting.
HP restored.
An endoplasm and a quokka come into view.
The endoplasm quivers.
The quokka bites you but does no damage.
You barely miss the quokka. The quokka closely misses you.
You closely miss the quokka. You block the quokka's attack. x2
You closely miss the quokka. You block the quokka's attack.
The endoplasm hits you but does no damage.
You hit the quokka.
The quokka is moderately wounded.
The quokka closely misses you.
The endoplasm hits you but does no damage.
You block the quokka's attack.
You puncture the quokka!
You kill the quokka!
The endoplasm barely misses you.
The endoplasm hits you but does no damage.
You completely miss the endoplasm.
You headbutt the endoplasm, but do no damage.
The endoplasm hits you but does no damage.
You puncture the endoplasm!
You kill the endoplasm!
e - a scroll labelled OHUHEGH QICYXI This is a scroll of acquirement!
You see here a manual of Earth Magic.
Something appears at your feet!
You pick up a manual of Earth Magic and begin studying.
Found a robe.
Found a stone staircase leading down.
There is a stone staircase leading down here.
A rat comes into view.
Found a scroll of acquirement and 10 gold pieces.
You puncture the rat!
You kill the rat!
e - a scroll of acquirement Unknown command.
Are you sure you want to abandon this character and quit the game? (Confirm with "yes".)

#########
#.......#
#.....$.#
#.......#
#.......#
#.....@.#
####.......#
#..........#
#.##.......#
##.#........#
#..#.########
# ##.##.#
#.####.....#
.........###


There were no monsters in sight!

Vanquished Creatures
  A bat (D:1)
  2 endoplasms (D:1)
  A quokka (D:1)
  A rat (D:1)
5 creatures vanquished.

Notes
Turn   | Place    | Note
-------+----------+-------------------------------------------
     0 | D:1      | wilfster70 the Minotaur Fighter began the quest for the
                  | Orb.
     0 | D:1      | Reached XP level 1. HP: 19/19 MP: 0/0
    98 | D:1      | Identified a scroll of acquirement
    98 | D:1      | Acquired a manual of Earth Magic
   140 | D:1      | Quit the game

Illustrated notes

Levels and vault maps discovered:
D:1:      evilmike_arrival_plus, layout_rooms

Action                   || total
-------------------------++-------
Melee: Trident           ||    12
       Headbutt          ||     2
  Use: Scroll            ||     1
Armor: Scale mail        ||     5
Dodge: Dodged            ||     3
Block: Buckler           ||     4

Table legend: (Time is in decaauts)
 A = Elapsed time spent in this place.
 B = Non-inter-level travel time spent in this place.
 C = Inter-level travel time spent in this place.
 D = Time resting spent in this place.
 E = Time spent auto-exploring this place.
 F = Levels seen in this place.
 G = Mean time per level.
                   A        B        C        D        E       F      G
               +--------+--------+--------+--------+--------+-----+--------+
         Total |    142 |    142 |      0 |     65 |      0 |   1 |  142.0 |
       Dungeon |    142 |    142 |      0 |     65 |      0 |   1 |  142.0 |
               +--------+--------+--------+--------+--------+-----+--------+

Top non-repeatable levels by time:
     D:1: 142 daAuts
